AoeStats
← 一兵不出真君

Arabia

505164234Analyzed
1v1 RM · 24d ago on Sep 8, 2026· 30m 56s· 2 players
Game mode
Random Map
Map size
Tiny (2 player)
Population
200
Speed
Normal
Resources
Standard
Victory
Conquest
Starting age
Dark Age
Ending age
Imperial Age
RankedLock teamsTeams togetherTeam positionsShared explorationLock speedFull tech treeHidden civsTurbo modeCheats
Victory
Defeat
🇺🇸 Bengalis · United States
1854
+15
🇨🇳 Tatars · China
1837
-15
一兵不出真君
7:17 Loom
10:04 Feudal Age
10:57 Double-Bit Axe
10:52 Horse Collar
13:12 Fletching
21:58 Castle Age
20:37 Padded Archer Armor
21:41 Scale Barding Armor
22:02 Crossbowman
22:37 Bodkin Arrow
22:35 Light Cavalry
25:48 Scale Barding Armor
26:04 Bow Saw
27:44 Ballistics
28:47 Forging
29:10 Chain Barding Armor
31:17 Forging
Gil-galad
8:43 Loom
11:20 Feudal Age
12:20 Horse Collar
12:58 Double-Bit Axe
17:45 Padded Archer Armor
19:51 Fletching
23:17 Castle Age
22:05 Bloodlines
22:48 Gold Mining
23:59 Bodkin Arrow
23:45 Elite Skirmisher
26:38 Leather Archer Armor
27:09 Bow Saw
29:31 Ballistics
Connection lost

Rejoining the realm…

Still unreachable

The connection could not be restored.

Session expired

The server has moved on; the page needs a fresh start.